 Dungeon Crawl Stone Soup version 0.31-a0-360-gb3e1d13bf4 (webtiles) character file.

Game seed: 231421607286189061

555 CraigForest the Insei (level 7, -5/49 HPs)
             Began as a Merfolk Shapeshifter on July 26, 2023.
             Killed from afar by Dowan (16 damage)
             ... with a shard of ice
             ... on level 4 of the Dungeon.
             The game lasted 00:16:13 (2726 turns).

CraigForest the Insei (Merfolk Shapeshifter)        Turns: 2726, Time: 00:16:14

Health: -5/49      AC:  2    Str: 15    XL:     7   Next: 30%
Magic:  7/7        EV: 13    Int:  8    God:
Gold:   233        SH:  6    Dex: 16    Spells: 6/6 levels left

rFire   . .          .
                       - Unarmed
rCold   + . .        w - +2 buckler
rNeg    . . .        a - +0 animal skin
rPois   +            (helmet currently unavailable)
rElec   .            (cloak currently unavailable)
rCorr   .            (gloves currently unavailable)
SInv    .            (boots currently unavailable)
Will    .....        (no amulet)
Stlth   +            q - ring of protection from cold
HPRegen 0.28/turn    r - ring of poison resistance
MPRegen 0.10/turn

%: no passive effects
@: beast-form
A: beast (slay +4), (nimble swimmer 2), mertail
a: Begin Untransformation


You were on level 4 of the Dungeon.
You were a hulking beast.
You visited 1 branch of the dungeon, and saw 4 of its levels.

You collected 233 gold pieces.

Inventory:

Missiles
 g - 3 poisoned darts (quivered)
Armour
 a - a +0 animal skin (worn)
 e - a +0 pair of boots
 i - a +0 pair of gloves
 s - a +0 leather armour
 w - a +2 buckler (worn)
Jewellery
 q - a ring of protection from cold (left hand)
 r - a ring of poison resistance (right hand)
Talismans
 c - a beast talisman
Wands
 y - a wand of flame (24)
Scrolls
 f - 2 scrolls of vulnerability {unknown}
 j - a scroll of poison {unknown}
 k - a scroll of enchant armour {unknown}
 l - a scroll of fear {unknown}
 t - 2 scrolls of amnesia {unknown}
 u - a scroll of revelation {unknown}
 v - a scroll of fog {unknown}
 x - 2 scrolls of identify {unknown}
 z - a scroll of silence {unknown}
Potions
 b - a potion of lignification
 d - a potion of invisibility {unknown}
 h - 3 potions of curing {unknown}
 m - 2 potions of enlightenment {unknown}
 n - a potion of heal wounds {unknown}
 o - a potion of haste {unknown}
 p - a potion of attraction {unknown}


   Skills:
 + Level 1.9 Fighting
 + Level 1.2 Throwing
 + Level 4.3 Dodging
 + Level 0.3 Shields
 + Level 6.9 Unarmed Combat
 + Level 5.7 Shapeshifting


You had 6 spell levels left.
You didn't know any spells.
Your spell library contained the following spells:

 Spells                   Type           Power      Damage    Failure   Level
 Freeze                   Ice            0%         1d3       52%         1
 Kiss of Death            Conj/Necr      0%         2d5       52%         1
 Confusing Touch          Hex            0%         N/A       87%         3
 Frozen Ramparts          Ice            0%         1d1       87%         3
 Hailstorm                Conj/Ice       0%         3d3       87%         3
 Dispel Undead            Necr           0%         3d6       99%         4


Dungeon Overview and Level Annotations

Branches:
Dungeon (4/15)
 Temple: D:4-7

Altars:
Gozag
Sif Muna
Trog
Uskayaw
The Shining One

Annotations:
D:4 Dowan


Innate Abilities, Weirdness & Mutations

You are a hulking beast.
Your limbs bulge with bestial killing power. (Slay +4)
((You are very nimble when in or above water. (Stealth+, EV+, Speed+++)))
Your lower body shifts to a powerful aquatic tail in water.


Message History

You closely miss Duvessa.
Duvessa is almost dead.
Duvessa closely misses you. Dowan hits you with a +0 dagger.
You hit Duvessa but do no damage.
Duvessa is almost dead.
Duvessa hits you with a +0 short sword! Dowan hits you with a +0 dagger.
You punch Duvessa!
You kill Duvessa!
Dowan's eyes darken. "You have made a grave mistake."
Dowan seems to find hidden reserves of power!
Dowan closely misses you.
You hit Dowan.
Dowan is lightly wounded.
Dowan hits you with a +0 dagger. Dowan completely misses you.
You closely miss Dowan.
Dowan is lightly wounded.
Dowan hits you with a +0 dagger!
You hit Dowan but do no damage.
Dowan is lightly wounded.
You block Dowan's attack.
You barely miss Dowan.
Dowan is lightly wounded.
Dowan points at you and mumbles some strange words.
The stone arrow hits you!
* * * LOW HITPOINT WARNING * * *
You block Dowan's attack.
You closely miss Dowan.
Dowan is lightly wounded.
You block Dowan's attack.
Throw: 4 darts (poison)
Press: ? - help, Q - select action, (/) - cycle Shift-Dir - straight line, f - Dowan
Aim: Dowan, wielding a +0 dagger and wearing a +0 robe (lightly wounded, fast, 51% to hit)
You throw a poisoned dart. The poisoned dart hits Dowan.
Dowan is poisoned.
Dowan is lightly wounded.
You block Dowan's attack. x2
You hit Dowan.
Dowan is moderately wounded.
Dowan gestures at you while chanting. The shard of ice hits you!
You partially resist.
You die...

..............
#.......................
........................
........................
..........#.............
..........#.............
.........##.............
.......e##..............
......)h.............)..
.......................#
.....................###
#........#.....##..###
..#......##........##
........#####.......##
........# #........##
........# #...##....##
....... ##..###..#...


You could see Dowan (fast, poisoned).

Vanquished Creatures
  Duvessa (D:4)
  A black bear (D:4)
  2 ogres (D:4)
  An orc priest (D:4)
  8 adders
  2 worms
  2 dart slugs (D:2)
  3 orcs
  6 bats
  6 endoplasms
  4 giant cockroaches
  8 hobgoblins
  4 jackals (D:3)
  5 kobolds
  6 quokkas
  5 ball pythons
  15 frilled lizards
  2 goblins
  2 rats
83 creatures vanquished.

Notes
Turn   | Place    | Note
-------+----------+-------------------------------------------
     0 | D:1      | CraigForest the Merfolk Shapeshifter began the quest for
                  | the Orb.
     0 | D:1      | Reached XP level 1. HP: 15/15 MP: 1/1
    88 | D:1      | Reached XP level 2. HP: 19/21 MP: 2/2
   475 | D:2      | Reached XP level 3. HP: 25/26 MP: 3/3
   530 | D:2      | Reached skill level 4 in Unarmed Combat
   583 | D:2      | Found a faded altar of an unknown god.
   693 | D:2      | Reached XP level 4. HP: 31/32 MP: 4/4
  1099 | D:3      | Found a bloodstained altar of Trog.
  1099 | D:3      | Found a hide-covered altar of Uskayaw.
  1113 | D:3      | Found a shimmering blue altar of Sif Muna.
  1126 | D:3      | Reached skill level 5 in Shapeshifting
  1183 | D:3      | Reached XP level 5. HP: 35/37 MP: 5/5
  1187 | D:3      | Reached skill level 5 in Unarmed Combat
  1688 | D:3      | Found an opulent altar of Gozag.
  1688 | D:3      | Found a glowing golden altar of the Shining One.
  1953 | D:4      | Noticed an ogre
  1963 | D:4      | Killed an ogre
  1964 | D:4      | Reached XP level 6. HP: 10/43 MP: 6/6
  2245 | D:4      | Reached skill level 6 in Unarmed Combat
  2399 | D:4      | Noticed a black bear
  2410 | D:4      | Killed a black bear
  2411 | D:4      | Reached skill level 1 in Throwing
  2411 | D:4      | Reached XP level 7. HP: 27/49 MP: 7/7
  2429 | D:4      | Identified the +0 leather armour of Surprise {Drain rElec
                  | rN+ Will+}
  2706 | D:4      | Noticed Duvessa
  2708 | D:4      | Noticed Dowan
  2719 | D:4      | Killed Duvessa
  2726 | D:4      | Killed from afar by Dowan

Illustrated notes

Levels and vault maps discovered:
D:1:      heliophobic_arrival_ceremonial_halls, layout_rooms,
          chequers_serial_rivers_micro_b, st_stairs_14, minmay_lizard_king
D:2:      layout_basic, shapermc_ecumenical_altar_pompeii
D:3:      layout_loops_cross, gammafunk_temple_overflow_wave,
          minmay_overflow_temple_star_quad, minmay_between
D:4:      nicolae_cairo_tiling_large_dashed, layout_layer_cave, uniq_duvessa

Skill      XL: |  1  2  3  4  5  6 |
---------------+-------------------+-----
Unarmed Combat | 4 5 6 |  6.9
Dodging        | 3 4 |  4.3
Shapeshifting  | 5 |  5.7
Throwing       | 1 |  1.2
Fighting       | |  1.9
Shields        | |  0.3

Action                     |  1- 3 |  4- 6 |  7- 9 || total
---------------------------+-------+-------+-------++-------
  Melee: Unarmed           |    76 |   121 |    16 ||   213
         Punch             |     2 |       |       ||     2
  Throw: Dart              |       |    12 |     1 ||    13
    Use: Scroll            |     1 |       |       ||     1
   Stab: Sleeping          |       |     2 |       ||     2
 Armour: Animal skin       |    10 |    23 |     1 ||    34
  Dodge: Dodged            |    46 |    76 |     8 ||   130
  Block: Buckler           |       |     5 |     6 ||    11

Table legend: (Time is in decaauts)
 A = Elapsed time spent in this place.
 B = Non-inter-level travel time spent in this place.
 C = Inter-level travel time spent in this place.
 D = Time resting spent in this place.
 E = Time spent auto-exploring this place.
 F = Levels seen in this place.
 G = Mean time per level.
                   A        B        C        D        E       F      G
               +--------+--------+--------+--------+--------+-----+--------+
         Total |   2708 |   2277 |    431 |      0 |   1724 |   4 |  677.0 |
       Dungeon |   2708 |   2277 |    431 |      0 |   1724 |   4 |  677.0 |
               +--------+--------+--------+--------+--------+-----+--------+

Top non-repeatable levels by time:
     D:4: 861 daAuts
     D:3: 758 daAuts
     D:2: 625 daAuts
     D:1: 463 daAuts
